 Dungeon Crawl Stone Soup version 0.22-a0-185-ge330310 (webtiles) character file.

84 Amnesiac the Digger (level 4, -4/30 HPs)
             Began as a Mummy Earth Elementalist on Feb 15, 2018.
             Slain by a worker ant (7 damage)
             ... on level 4 of the Dungeon.
             The game lasted 00:04:03 (1681 turns).

Amnesiac the Digger (Mummy Earth Elementalist)      Turns: 1681, Time: 00:04:03

Health: -4/30      AC:  2    Str: 11    XL:     4   Next: 24%
Magic:  5/9        EV: 12    Int: 15    God:
Gold:   81         SH:  0    Dex: 12    Spells: 7/10 levels left

rFire    x . .     SeeInvis .   e - +0 dagger
rCold    + . .     Gourm    .   (no shield)
rNeg     + + +     Faith    .   c - +0 robe
rPois    ∞         Spirit   .   (no helmet)
rElec    .         Reflect  .   (no cloak)
rCorr    .         Harm     .   (no gloves)
MR       .....                  (no boots)
Stlth    ++........             (no amulet)
HPRegen  0.10/turn              (no ring)
MPRegen  0.11/turn              (no ring)

@: no status effects
A: no food or potions, fire vulnerability, cold resistance 1, negative energy
resistance 3, torment resistance, unbreathing
a: no special abilities


You were on level 4 of the Dungeon.
You were not hungry.

You visited 1 branch of the dungeon, and saw 4 of its levels.

You collected 81 gold pieces.

Inventory:

Hand Weapons
 e - a +0 dagger (weapon)
 g - a +0 blowgun
Missiles
 a - 21 poisoned needles
 f - 13 stones (quivered)
Armour
 c - a +0 robe (worn)
Scrolls
 b - 3 scrolls of random uselessness {!r, unknown}
 h - a scroll of fog {!r, unknown}
 i - a scroll of remove curse {!r, unknown}
 j - a scroll of fear {!r, unknown}
Books
 d - a book of Geomancy

   Spells                             Type                      Level
   a - Sandblast                      Earth                        1
   b - Passwall                       Transmutation/Earth          2
   c - Stone Arrow                    Conjuration/Earth            3
   d - Petrify                        Transmutation/Earth          4
   e - Lee's Rapid Deconstruction     Earth                        5


   Skills:
 + Level 0.6 Short Blades
 - Level 1.5 Dodging
 - Level 2.0 Stealth
 + Level 3.5 Spellcasting
 - Level 0.7 Transmutations
 * Level 3.5 Earth Magic


You had 7 spell levels left.
You knew the following spells:

 Your Spells              Type           Power        Failure   Level  Hunger
a - Sandblast             Erth           ##....       4%          1    N/A
b - Passwall              Tmut/Erth      #.........   12%         2    N/A

Dungeon Overview and Level Annotations

Branches:
Dungeon (4/15)
 Temple: D:4-7

Altars:

Annotations:
D:3 exclusion: 2 downstairs


Innate Abilities, Weirdness & Mutations

You do not eat or drink.
Your flesh is vulnerable to fire.
You are immune to poison.
Your flesh is cold resistant. (rC+)
You are immune to negative energy. (rN+++)
You are immune to unholy pain and torment.
You can survive without breathing.


Message History

A howler monkey comes into view.
The howler monkey hoots and howls with incredible vigour!
You hear a bark!
The iguana misses you.
A jackal comes into view.
You see here 16 gold pieces.
A worker ant comes into view.
The worker ant twitches its antennae in your direction.
The jackal completely misses you. The jackal barely misses you.
The jackal closely misses you.
The howler monkey hoots and howls with incredible vigour!
The jackal bites you.
* * * LOW HITPOINT WARNING * * *
The jackal barks!
You hear a shout!
You hear an angry buzzing noise.
You hear a shout! x2; You hear an angry buzzing noise.
You hear an angry hiss.
You hear a bark!
The worker ant barely misses you. The worker ant bites you.
* * * LOW HITPOINT WARNING * * *
The jackal misses you.
The worker ant bites you but does no damage.
The worker ant waves its antennae.
Casting: Sandblast (safe; 4% risk of failure)
Confirm with . or Enter, or press ? or * to list all spells.
Aiming: Sandblast (safe; 4% risk of failure)
Press: ? - help, Shift-Dir - straight line, f - worker ant
Aim: a worker ant The blast of sand hits the worker ant.
f - 16 stones The worker ant bites you.
* * * LOW HITPOINT WARNING * * *
Unknown command.
Casting: Sandblast (safe; 4% risk of failure)
Confirm with . or Enter, or press ? or * to list all spells.
Aiming: Sandblast (safe; 4% risk of failure)
Press: ? - help, Shift-Dir - straight line, f/p - worker ant
Aim: a worker ant The blast of sand hits the worker ant.
The worker ant is moderately wounded.
f - 15 stones The worker ant misses you.
Unknown command.
Casting: Sandblast (safe; 4% risk of failure)
Confirm with . or Enter, or press ? or * to list all spells.
Aiming: Sandblast (safe; 4% risk of failure)
Press: ? - help, Shift-Dir - straight line, f/p - worker ant
Aim: a worker ant (moderately wounded)
The blast of sand hits the worker ant.
The worker ant is heavily wounded.
f - 14 stones The worker ant bites you.
* * * LOW HITPOINT WARNING * * *
The worker ant closely misses you.
Unknown command.
Casting: Sandblast (safe; 4% risk of failure)
Confirm with . or Enter, or press ? or * to list all spells.
Aiming: Sandblast (safe; 4% risk of failure)
Press: ? - help, Shift-Dir - straight line, f/p - worker ant
Aim: a worker ant (heavily wounded)
The blast of sand hits the worker ant.
The worker ant is heavily wounded.
f - 13 stones The worker ant bites you!
You die...

#.######.......#
#.........h....#
#.######......##
#.# ##....## ..#
#.#$h### .##
#..[l..### .
##..##hhh# .
#..####a# . #..#
#@# ##.. #.#
...# #.# ...#
#.# ...# #.# #.#
... .#.


You could see a howler monkey, a worker ant and a jackal.

Vanquished Creatures
  An orc priest (D:3)
  2 adders (D:3)
  2 leopard geckos (D:3)
  3 giant cockroaches
  6 goblins
  4 hobgoblins
  4 jackals (D:3)
  4 kobolds (D:3)
  A quokka (D:3)
  A ball python (D:1)
  3 bats
  A rat (D:3)
32 creatures vanquished.

Notes
Turn   | Place    | Note
-------+----------+-------------------------------------------
     0 | D:1      | Amnesiac the Mummy Earth Elementalist began the quest for the Orb.
     0 | D:1      | Reached XP level 1. HP: 13/13 MP: 4/4
   294 | D:2      | Reached XP level 2. HP: 19/19 MP: 1/5
   659 | D:3      | Reached XP level 3. HP: 3/24 MP: 5/7
   928 | D:4      | Noticed a killer bee
   928 | D:4      | Noticed a killer bee
   928 | D:4      | Noticed a killer bee
   928 | D:4      | Noticed a killer bee
   948 | D:3      | Learned a level 2 spell: Passwall
  1396 | D:4      | Noticed an ogre
  1476 | D:3      | Reached XP level 4. HP: 30/30 MP: 5/9
  1681 | D:4      | Slain by a worker ant

Vault maps used:
D:1:      ncdulo_smallfort, minmay_misc_feat_ornament, hex_large,
          minmay_bisected
D:2:      uniq_sigmund
D:3:      kennysheep_big_flooded_room, first_ration

Skill      XL: |  1  2  3 |
---------------+----------+-----
Spellcasting   | 3 |  3.5
Earth Magic    | 3 |  3.5
Stealth        | 2 |  2.0
Short Blades   | |  0.6
Dodging        | |  1.5
Transmutations | |  0.7

Action                   |  1- 3 |  4- 6 || total
-------------------------+-------+-------++-------
Melee: Unarmed           |     3 |       ||     3
       Dagger            |    32 |       ||    32
 Cast: Sandblast         |    41 |     7 ||    48
 Stab: Sleeping          |     2 |       ||     2
Armor: Robe              |     4 |     1 ||     5
Dodge: Dodged            |    36 |     8 ||    44

Table legend:
 A = Spawn XP
 B = Non-spawn XP
 C = Spawn XP percentage of total XP
 D = Spawn monster count
 E = Non-spawn monster count
 F = Spawn count percentage of total count
 G = Total turns spent on level
                    A         B        C        D         E        F      G
               +---------+---------+-------+---------+---------+-------+---------
         Total |       0 |     121 |   0.0 |       0 |      32 |   0.0 |  1681
               +---------+---------+-------+---------+---------+-------+---------
           D:1 |       0 |      10 |   0.0 |       0 |       6 |   0.0 |   291
           D:2 |       0 |      10 |   0.0 |       0 |       5 |   0.0 |   199
           D:3 |       0 |     101 |   0.0 |       0 |      21 |   0.0 |  1132
               +---------+---------+-------+---------+---------+-------+---------
